 Dungeon Crawl Stone Soup version 0.28-a0-861-ge64d6db94f (webtiles) character file.

Game seed: 14193055795238788559

20325 ytrimaz the Cleaver (level 13, -4/98 HPs)
             Began as a Formicid Fighter on Nov 15, 2021.
             Was a High Priest of Okawaru.
             Slain by a six-headed hydra (5 damage)
             ... while petrified by a basilisk
             ... on level 12 of the Dungeon.
             The game lasted 00:20:46 (15883 turns).

ytrimaz the Cleaver (Formicid Fighter)             Turns: 15883, Time: 00:20:47

Health: -4/98      AC: 14    Str: 25    XL:     13   Next: 11%
Magic:  17/17      EV:  2    Int:  9    God:    Okawaru [*****.]
Gold:   660        SH:  0    Dex: 16    Spells: 12/12 levels left

rFire   . . .      SeeInvis +   E - +3 war axe (freeze)
rCold   . . .      Faith    .   F - +0 kite shield
rNeg    + + +      Spirit   .   c - +0 swamp dragon scales
rPois   ∞          Reflect  +   (helmet unavailable)
rElec   .          Harm     .   (no cloak)
rCorr   .          Rampage  .   d - +0 pair of gloves
Will    +....                   e - +2 pair of boots
Stlth   +.........              l - amulet of reflection
HPRegen 0.26/turn               g - +6 ring of dexterity
MPRegen 0.15/turn               y - ring of the Hare {EV+8}

@: petrified
A: permanent stasis, dig shafts and tunnels, antennae 3, four strong arms
a: Dig, Shaft Self, Renounce Religion, Heroism, Finesse, Duel


You were on level 12 of the Dungeon.
You worshipped Okawaru.
Okawaru was extremely pleased with you.
You visited 2 branches of the dungeon, and saw 15 of its levels.

You collected 660 gold pieces.

Inventory:

Hand Weapons
 o - the +4 flail of Jyesext {vorpal, Str+4 Int+4}
   (You found it on level 4 of the Dungeon)

   It inflicts extra damage upon your enemies.
   Str:       It affects your strength (+4).
   Int:       It affects your intelligence (+4).
 A - a +3 war axe
 E - a +3 war axe of freezing (weapon)
Missiles
 b - 77 poisoned darts
 v - 4 curare-tipped darts
 w - 12 boomerangs (quivered)
Armour
 c - +0 swamp dragon scales (worn)
 d - a +0 pair of gloves (worn)
 e - a +2 pair of boots (worn)
 q - a +3 ring mail of cold resistance
 F - a +0 kite shield (worn)
Jewellery
 g - a +6 ring of dexterity (left hand)
 l - an amulet of reflection (around neck)
 p - a ring of resist corrosion
 u - an amulet of magic regeneration
 y - the ring of the Hare (right hand) {EV+8}
   (You found it on level 8 of the Dungeon)

   [ring of evasion]

   EV:        It affects your evasion (+8).
 H - an amulet of faith
 N - a +6 ring of intelligence
 O - a ring of protection from fire
Wands
 t - a wand of flame (13)
 x - a wand of acid (13)
 J - a wand of iceblast (15)
 K - a wand of paralysis (10)
 L - a wand of digging (4)
Scrolls
 f - 4 scrolls of enchant armour
 m - 3 scrolls of noise
 n - 5 scrolls of enchant weapon
 D - 2 scrolls of vulnerability
 G - 2 scrolls of torment {unknown}
 I - a scroll of fog
 P - a scroll of magic mapping {unknown}
 Q - a scroll of brand weapon {unknown}
Potions
 a - 2 potions of attraction
 h - 3 potions of heal wounds
 i - a potion of brilliance
 j - 2 potions of haste
 k - a potion of experience {unknown}
 r - 2 potions of curing
 s - 3 potions of flight {unknown}
 B - a potion of cancellation {unknown}
 C - a potion of lignification {unknown}
 M - 2 potions of magic {unknown}


   Skills:
 + Level 8.1 Fighting
 * Level 14.5(15.3) Axes
 - Level 8.1(12.3) Maces & Flails
 - Level 2.2 Throwing
 + Level 7.4 Armour
 - Level 9.0 Shields
 * Level 6.2 Invocations


You had 12 spell levels left.
You didn't know any spells.
Your spell library contained the following spells:

 Spells                   Type           Power      Damage    Failure   Level
 Pain                     Necr           0%         1d4       52%         1
 Corpse Rot               Necr/Air       0%         N/A       65%         2
 Poisonous Vapours        Pois/Air       0%         N/A       65%         2
 Ozocubu's Armour         Ice            0%         N/A       87%         3
 Airstrike                Air            0%         N/A       99%         4
 Fulminant Prism          Conj/Hex       0%         3d6       99%         4
 Iskenderun's Mystic Bla  Conj/Tloc      0%         2d3       99%         4
 Agony                    Necr           0%         N/A       100%        5
 Excruciating Wounds      Necr           0%         N/A       100%        5
 Lee's Rapid Deconstruct  Erth           0%         3d5*      100%        5
 Lightning Bolt           Conj/Air       0%         1d11      100%        5
 Metabolic Englaciation   Hex/Ice        0%         N/A       100%        5
 Summon Lightning Spire   Summ/Air       Unusable   N/A       N/A         4
 Simulacrum               Ice/Necr       Unusable   N/A       N/A         6

Dungeon Overview and Level Annotations

Branches:
Dungeon (14/15)            Temple (1/1) D:7            Lair (0/6) D:11
    Orc (0/2) D:10         Vaults (0/5) D:13

Altars:
Ashenzari
Cheibriados
Dithmenos
Elyvilon
Fedhas
Gozag
Hepliaklqana
Kikubaaqudgha
Makhleb
Nemelex Xobeh
Okawaru
Qazlal
Ru
Sif Muna
Trog
Uskayaw
Vehumet
Wu Jian
Xom
Yredelemnul
Zin
The Shining One

Shops:
D:1 =   D:10 !!

Annotations:
D:3 1 runed translucent door, bande's ghost, amateur GrFi


Innate Abilities, Weirdness & Mutations

You cannot be hasted, slowed, berserked, paralysed or teleported.
You can dig through walls and to a lower floor.
You have a pair of large antennae on your head. (SInv)
Your four strong arms can wield two-handed weapons with a shield.


Message History

You easily resist.
The six-headed hydra bites you but does no damage. x2
The six-headed hydra bites you.
* * * LOW HITPOINT WARNING * * *
The six-headed hydra bites you.
The six-headed hydra bites you but does no damage.
The six-headed hydra bites you.
* * * LOW HITPOINT WARNING * * *
The human hits you but does no damage.
The basilisk bites you but does no damage.
The six-headed hydra bites you but does no damage.
The six-headed hydra bites you.
* * * LOW HITPOINT WARNING * * *
The six-headed hydra bites you.
The six-headed hydra bites you but does no damage. x3
The human hits you.
* * * LOW HITPOINT WARNING * * *
The basilisk bites you but does no damage.
The six-headed hydra bites you.
* * * LOW HITPOINT WARNING * * *
The six-headed hydra bites you but does no damage.
The six-headed hydra bites you.
* * * LOW HITPOINT WARNING * * *
The six-headed hydra bites you but does no damage.
The six-headed hydra bites you.
* * * LOW HITPOINT WARNING * * *
The six-headed hydra bites you but does no damage.
The human hits you.
* * * LOW HITPOINT WARNING * * *
The basilisk bites you.
* * * LOW HITPOINT WARNING * * *
The six-headed hydra bites you!
* * * LOW HITPOINT WARNING * * *
The six-headed hydra bites you.
* * * LOW HITPOINT WARNING * * *
The six-headed hydra bites you but does no damage.
The six-headed hydra bites you!
* * * LOW HITPOINT WARNING * * *
The six-headed hydra bites you!
You die...

..#.....#.#.#...^......
##.#.....#.#.#.$........
.......................
..... .#
#.....#.#?##......#
.....
.#+#.....#.#.##......##.
.o...
.........#.#.##.........
.....
.........#.#.##p.l......
...
>............pOD@.......
.. {.
.........#.#.#####.##...
##..## ##.#.#.#.#.#.# #
.o.... #.#.#.#.#.#.#
###.## #.......#.#.# .
........#.#.# .#
..........#.. ..
..=......##... #. # #.


You could see a six-headed hydra, a two-headed ogre, a basilisk and 2 humans.

Vanquished Creatures
  Harold (D:10)
  2 centaur warriors
  4 two-headed ogres
  A skeletal warrior (D:11)
  A cyclops (D:11)
  2 manticores
  Maurice (D:10)
  3 kobold demonologists (D:10)
  An unseen horror (shapeshifter) (D:14)
  Maggie (D:9)
  An efreet (D:14)
  A komodo dragon (D:11)
  4 trolls
  A hornet (D:8)
  Grinder (D:3)
  2 shadows
  2 wyverns
  5 humans
  21 yaks
  A redback simulacrum (D:13)
  2 steam dragons (D:7)
  2 acid dragons
  A water moccasin (D:8)
  Duvessa (D:4)
  5 orc warriors
  7 necrophages
  An ogre (D:4)
  6 black bears
  2 phantoms
  3 centaurs
  5 kobold brigands
  3 bullfrogs
  A scorpion (D:8)
  2 gnoll sergeants
  2 wyvern skeletons
  18 killer bees
  Dowan (D:4)
  6 wights
  A howler monkey (D:9)
  4 centaur zombies
  A bullfrog zombie (D:6)
  2 centaur skeletons
  A bullfrog skeleton (D:6)
  2 hounds
  2 jellies (D:6)
  10 orc priests
  Jessica (D:2)
  Terence (D:2)
  Natasha (D:2)
  8 iguanas
  6 orc wizards
  3 gnolls (D:13)
  6 adders
  A shadow imp (D:6)
  2 white imps
  An adder skeleton (D:4)
  3 dart slugs
  30 orcs
  7 ball pythons
  6 endoplasms
  4 giant cockroaches
  6 goblins
  3 hobgoblins
  5 jackals
  3 quokkas
  6 bats
  8 frilled lizards
  23 kobolds
  5 rats
  A bush (D:7)
287 creatures vanquished.

Vanquished Creatures (collateral kills)
  An adder (D:2)
1 creature vanquished.

Vanquished Creatures (others)
  A troll (D:11)
  A wyvern (D:11)
  A yak (D:11)
  A basilisk (D:11)
  An orc warrior (D:11)
  A centaur (D:11)
  A bush (D:7)
  7 plants
14 creatures vanquished.

Grand Total: 302 creatures vanquished

Notes
Turn   | Place    | Note
-------+----------+-------------------------------------------
     0 | D:1      | ytrimaz the Formicid Fighter began the quest for the Orb.
     0 | D:1      | Reached XP level 1. HP: 18/18 MP: 1/1
   423 | D:1      | Reached XP level 2. HP: 23/24 MP: 2/2
   544 | D:1      | Found Kepeas's Jewellery Emporium.
   824 | D:1      | Reached XP level 3. HP: 29/29 MP: 3/3
  1641 | D:2      | Noticed Jessica
  1644 | D:2      | Killed Jessica
  1645 | D:2      | Reached skill level 3 in Axes
  1645 | D:2      | Reached XP level 4. HP: 36/36 MP: 4/4
  1690 | D:2      | Noticed Natasha
  1696 | D:2      | Killed Natasha
  1697 | D:2      | Reached XP level 5. HP: 37/42 MP: 5/5
  2034 | D:2      | Noticed Terence
  2048 | D:2      | You fall into a shaft and drop 2 floors!
  2346 | D:4      | Noticed a phantom
  2645 | D:3      | Reached skill level 4 in Axes
  2982 | D:2      | Killed Terence
  2983 | D:2      | Reached XP level 6. HP: 24/48 MP: 6/6
  3439 | D:3      | Found a runed translucent door.
  3451 | D:3      | Noticed bande's ghost (amateur GrFi)
  3472 | D:3      | Noticed Grinder
  3510 | D:3      | Killed Grinder
  3511 | D:3      | Reached skill level 5 in Axes
  3511 | D:3      | Reached skill level 5 in Shields
  3511 | D:3      | Reached XP level 7. HP: 42/53 MP: 7/7
  3682 | D:3      | Reached skill level 1 in Throwing
  4141 | D:4      | Noticed Duvessa
  4141 | D:4      | Noticed Dowan
  4168 | D:4      | Killed Duvessa
  4169 | D:4      | Reached skill level 6 in Axes
  4180 | D:4      | Killed Dowan
  4750 | D:4      | Reached XP level 8. HP: 55/60 MP: 8/8
  5363 | D:4      | Reached skill level 5 in Armour
  5407 | D:4      | Identified the +4 flail of Jyesext {vorpal, Str+4 Int+4}
  5801 | D:5      | Entered Level 5 of the Dungeon
  5847 | D:5      | Reached skill level 1 in Maces & Flails
  6549 | D:5      | Identified the +1 leather armour "Jisaitaf" {Drain rC+
                  | Regen+ SInv}
  6591 | D:6      | Noticed a troll
  6606 | D:6      | Killed a troll
  6607 | D:6      | Reached skill level 5 in Fighting
  6607 | D:6      | Reached XP level 9. HP: 29/68 MP: 9/9
  6795 | D:6      | You fall into a shaft and drop 2 floors!
  6814 | D:8      | Reached skill level 5 in Maces & Flails
  7326 | D:8      | Reached XP level 10. HP: 74/74 MP: 10/10
  7437 | D:8      | Found the ring of the Hare {EV+8}
  8377 | D:6      | Found a burning altar of Makhleb.
  8455 | D:6      | Found a stormy altar of Qazlal.
  8581 | D:6      | Found a shimmering altar of Xom.
  8822 | D:6      | Found a glowing golden altar of the Shining One.
  9439 | D:8      | Reached skill level 7 in Axes
  9817 | D:7      | Found a staircase to the Ecumenical Temple.
  9869 | Temple   | Entered the Ecumenical Temple
 10000 | Temple   | Became a worshipper of Warmaster Okawaru
 10428 | D:7      | Reached skill level 1 in Invocations
 10444 | D:7      | Reached skill level 8 in Axes
 10569 | D:7      | Found a blossoming altar of Fedhas.
 10696 | D:7      | Reached * piety under Okawaru
 11024 | D:9      | Reached XP level 11. HP: 81/81 MP: 12/12
 11046 | D:9      | Noticed a two-headed ogre
 11055 | D:9      | Killed a two-headed ogre
 11056 | D:9      | Reached skill level 9 in Axes
 11693 | D:9      | Reached ** piety under Okawaru
 11694 | D:9      | Reached skill level 10 in Axes
 11782 | D:9      | Noticed Maggie
 11789 | D:9      | Killed Maggie
 12025 | D:9      | Noticed a two-headed ogre
 12037 | D:9      | Killed a two-headed ogre
 12335 | D:10     | Entered Level 10 of the Dungeon
 12402 | D:10     | Reached *** piety under Okawaru
 12406 | D:10     | Reached skill level 11 in Axes
 12627 | D:10     | Found a staircase to the Orcish Mines.
 12846 | D:10     | Found Detisog's Distillery.
 12909 | D:10     | Noticed Harold
 12917 | D:10     | Killed Harold
 12917 | D:10     | Reached **** piety under Okawaru
 12918 | D:10     | Reached XP level 12. HP: 91/91 MP: 12/15
 13035 | D:10     | Reached skill level 12 in Axes
 13093 | D:10     | Noticed Maurice
 13109 | D:10     | Killed Maurice
 13341 | D:10     | Found a glowing silver altar of Zin.
 13369 | D:10     | Found Keshrum's Distillery.
 13385 | D:10     | Identified the +3 hunting sling "Walull" {freeze, rN+
                  | Int+3}
 13680 | D:11     | Noticed a two-headed ogre
 13686 | D:11     | Killed a two-headed ogre
 13868 | D:11     | Reached skill level 5 in Invocations
 13884 | D:11     | Reached skill level 13 in Axes
 13951 | D:11     | Reached ***** piety under Okawaru
 14039 | D:11     | Noticed a skeletal warrior
 14057 | D:11     | Killed a skeletal warrior
 14081 | D:11     | Found a staircase to the Lair.
 14097 | D:11     | Noticed an eight-headed hydra
 14374 | D:11     | You fall into a shaft and drop 3 floors!
 14374 | D:14     | Found a shadowy altar of Dithmenos.
 14446 | D:14     | Noticed a two-headed ogre
 14455 | D:14     | Killed a two-headed ogre
 14595 | D:14     | Noticed a centaur warrior
 14999 | D:13     | Reached skill level 14 in Axes
 15080 | D:13     | Noticed a five-headed hydra
 15214 | D:13     | Noticed a centaur warrior
 15215 | D:13     | Noticed a two-headed ogre
 15216 | D:13     | Noticed a centaur warrior
 15230 | D:13     | Found a gate to the Vaults.
 15235 | D:13     | You fall into a shaft and drop 1 floor!
 15238 | D:14     | Killed a centaur warrior
 15665 | D:13     | Reached XP level 13. HP: 91/98 MP: 17/17
 15670 | D:13     | Killed a centaur warrior
 15738 | D:12     | Noticed a six-headed hydra
 15883 | D:12     | HP: 1/98 [six-headed hydra (5)]
 15883 | D:12     | Slain by a six-headed hydra

Illustrated notes

Levels and vault maps discovered:
D:1:      nzn_arrival_water_spiral, layout_basic, serial_shops,
          nicolae_shop_statue_plus, minmay_pentomino_r4
D:2:      layout_basic, serial_park_tiny_pond, roderic_cross_of_infinity,
          roderic_filled_cross, minmay_hedge_maze, uniq_jessica, uniq_terence,
          uniq_natasha
D:3:      layout_basic, serial_corexii_hall, corexii_hall_statues_s,
          chequers_hall_statues_wall_a, ebering_ghost_sewer_d, uniq_grinder
D:4:      layout_loops_corners, uniq_duvessa
D:5:      layout_basic
D:6:      layout_cave_pools, nicolae_qazlal_scattered_showers,
          mainiacjoe_overflow_surrounded_room, grunt_ministairs_1,
          kennysheep_flooded_box, minmay_ruined_shrine
D:7:      layout_rooms, fedhas_altar_decomposition,
          minmay_temple_entry_statues_fountains, grunt_tough_drop
D:8:      layout_basic, kennysheep_generic_room_8
D:9:      layout_loops_ring, st_stairs_3, uniq_maggie
D:10:     layout_basic, zin_academy, david_orc_3, serial_shops,
          nicolae_shop_waterfront, shop_statue, serial_rivers,
          chequers_serial_rivers_micro_b, chequers_serial_rivers_large_a,
          chequers_serial_rivers_small_b, chequers_serial_rivers_micro_b,
          chequers_serial_rivers_micro_d, uniq_harold, uniq_maurice
D:11:     layout_long_grid, david_lair_generic, xom_confusion_cloud
D:12:     layout_basic, serial_shops, nicolae_shop_stone, shop_fountains
D:13:     layout_irregular_city, david_vaults_3
D:14:     layout_long_grid, nicolae_dithmenos_the_darkroom
Temple:   mainiacjoe_temple_coin_purse

Skill      XL: |  1  2  3  4  5  6  7  8  9 10 11 12 13 |
---------------+----------------------------------------+-----
Shields        | 4 5 6 8 9 |  9.0
Axes           | 3 4 5 6 8 11 14 | 14.5
Armour         | 4 5 6 7 |  7.4
Throwing       | 1 2 |  2.2
Fighting       | 4 5 6 7 8 |  8.1
Maces & Flails | 4 6 8 |  8.1
Invocations    | 1 4 6 |  6.2

Action                   |  1- 3 |  4- 6 |  7- 9 | 10-12 | 13-15 || total
-------------------------+-------+-------+-------+-------+-------++-------
Melee: War axe           |    71 |    89 |   115 |   464 |     9 ||   748
       Flail             |       |       |   144 |    61 |       ||   205
Throw: Dart              |       |    15 |    11 |       |       ||    26
       Boomerang         |       |       |       |     5 |       ||     5
Invok: Heroism           |       |       |       |    15 |     2 ||    17
       Finesse           |       |       |       |     2 |       ||     2
 Abil: Shaft Self        |       |     1 |       |     1 |       ||     2
       Dig               |       |       |       |     2 |       ||     2
  Use: Scroll            |     4 |       |     5 |     7 |       ||    16
       Potion            |       |     1 |     2 |     4 |       ||     7
 Stab: Held in net/web   |       |       |       |     1 |       ||     1
Armor: Scale mail        |    32 |    38 |       |       |       ||    70
       Ring mail         |       |     2 |   123 |    99 |       ||   224
       Swamp dragon scal |       |       |       |    50 |    34 ||    84
Dodge: Dodged            |    31 |    50 |   122 |   333 |    32 ||   568
Block: Buckler           |    22 |    27 |   121 |   155 |       ||   325
       Reflection        |       |       |     2 |    20 |     1 ||    23
       Kite shield       |       |       |       |   302 |    50 ||   352

Table legend: (Time is in decaauts)
 A = Elapsed time spent in this place.
 B = Non-inter-level travel time spent in this place.
 C = Inter-level travel time spent in this place.
 D = Time resting spent in this place.
 E = Time spent auto-exploring this place.
 F = Levels seen in this place.
 G = Mean time per level.
                   A        B        C        D        E       F      G
               +--------+--------+--------+--------+--------+-----+--------+
         Total |  15933 |  15361 |    572 |   3146 |   9085 |  15 | 1062.2 |
       Dungeon |  15792 |  15228 |    564 |   3146 |   8982 |  14 | 1128.0 |
        Temple |    140 |    132 |      8 |      0 |    103 |   1 |  140.0 |
               +--------+--------+--------+--------+--------+-----+--------+

Top non-repeatable levels by time:
     D:4: 2098 daAuts
     D:8: 2064 daAuts
    D:10: 1320 daAuts
     D:9: 1318 daAuts
     D:1: 1308 daAuts
     D:2: 1254 daAuts
     D:3: 1237 daAuts
     D:6: 1109 daAuts
     D:7: 1079 daAuts
     D:5: 824 daAuts
    D:13: 730 daAuts
    D:11: 680 daAuts
    D:14: 559 daAuts
    D:12: 207 daAuts
  Temple: 140 daAuts
